 Dungeon Crawl Stone Soup version 0.31.0-11-ge490571c62 (webtiles) character file.

Game seed: 15508658341387791730

3 Aviak the Caller (level 1, -2/13 HPs)
             Began as a Demonspawn Summoner on Jan 26, 2024.
             Slain by a jackal (3 damage)
             ... on level 1 of the Dungeon.
             The game lasted 00:00:21 (97 turns).

Aviak the Caller (Demonspawn Summoner)                Turns: 97, Time: 00:00:22

Health: -2/13      AC:  2    Str:  8    XL:     1   Next: 41%
Magic:  1/3        EV: 12    Int: 15    God:
Gold:   0          SH:  0    Dex: 13    Spells: 3/4 levels left

rFire   . . .        e - +0 short sword
rCold   . . .        (no shield)
rNeg    . . .        a - +0 robe
rPois   .            (no helmet)
rElec   .            (no cloak)
rCorr   .            (no gloves)
SInv    .            (no boots)
Will    +....        (no amulet)
Stlth   ++           (no ring)
HPRegen 0.22/turn    (no ring)
MPRegen 0.08/turn

%: no passive effects
@: enlightened, flying
A: no striking features
a: no special abilities


You were on level 1 of the Dungeon.
You visited 1 branch of the dungeon, and saw 1 of its levels.

Inventory:

Hand Weapons
 e - a +0 short sword (weapon)
Armour
 a - a +0 robe (worn)
Scrolls
 c - a scroll of teleportation {unknown}
Potions
 b - a potion of magic


   Skills:
 + Level 1.8 Dodging
 - Level 1.7 Stealth
 + Level 2.1 Spellcasting
 + Level 4.0 Summonings


You had 3 spell levels left.
You knew the following spells:

 Your Spells              Type           Power      Damage    Failure   Level
a - Summon Small Mammal   Summ           52%        N/A       4%          1

Your spell library contained the following spells:

 Spells                   Type           Power      Damage    Failure   Level
 Call Imp                 Summ           26%        N/A       6%          2
 Call Canine Familiar     Summ           13%        N/A       12%         3
 Animate Armour           Summ/Erth      14%        N/A       67%         4
 Summon Blazeheart Golem  Fire/Summ      7%         N/A       67%         4
 Summon Lightning Spire   Summ/Air       7%         N/A       67%         4
 Lee's Rapid Deconstruct  Erth           0%         3d4*      99%         5


Dungeon Overview and Level Annotations

Branches:
Dungeon (1/15)

Altars:


Message History

Things that are here:
a +0 short sword; a kobold corpse; a frilled lizard corpse
e - a +0 short sword
e - a +0 short sword (weapon)
Your rat disappears in a puff of smoke!
You see here 7 stones.
Your rat disappears in a puff of smoke!
Found a stone staircase leading down. 2 jackals come into view.
A rat comes into view.
A hobgoblin comes into view.
The rat squeaks loudly.
The jackal barks!
You hear an angry hiss.
You hear a loud squeak.
A jackal comes into view.
The jackal barks!
The jackal closely misses you. The jackal misses you.
A frilled lizard comes into view.
The jackal bites you.
Your rat barely misses the jackal.
You hit the jackal.
The jackal is lightly wounded.
Your bat hits the jackal. The jackal bites you.
The jackal barely misses your bat. The jackal bites you.
Your rat closely misses the jackal.
The jackal attacks as it pursues you! The jackal bites you.
The jackal attacks as it pursues you! The jackal barely misses you.
Your bat hits the rat but does no damage.
The jackal bites you. The jackal completely misses your rat.
The jackal bites you.
* * * LOW HITPOINT WARNING * * *
Unknown command.
Okay, then.
It was a potion of enlightenment.
You feel very buoyant.
You fly up into the air.
The jackal closely misses you. The jackal misses you.
Your rat bites the jackal.
Your bat closely misses the frilled lizard.
The jackal closely misses your rat. The jackal bites you.
* * * LOW HITPOINT WARNING * * *
The jackal bites you.
You die...

>. ## ... ### ## .## #.#
..##..# ..# #.# .......
..#.# .# #.# ##rh.....
..#.##.# #.# ###r.b.....
≈.#....# ##.###.hg.l.....
○§#.#..####.....@h#######.
○.#.....).....#####
..#....#.###.## .##......#
#.# ###.....####.###
#.##.........#
###(##.#.......#
#..†...#.......#
..##....#.........


You could see 3 jackals, a hobgoblin, a frilled lizard, a rat, a friendly bat
(summoned) and a friendly rat (summoned).

Vanquished Creatures
  A kobold (D:1)
  A frilled lizard (D:1)
2 creatures vanquished.

Vanquished Creatures (collateral kills)
  A hobgoblin (D:1)
1 creature vanquished.

Grand Total: 3 creatures vanquished

Notes
Turn   | Place    | Note
-------+----------+-------------------------------------------
     0 | D:1      | Aviak the Demonspawn Summoner began the quest for the Orb.
     0 | D:1      | Reached XP level 1. HP: 13/13 MP: 3/3
    97 | D:1      | Slain by a jackal

Illustrated notes

Levels and vault maps discovered:
D:1:      shiori_arrival_elements, layout_rooms, serial_shops, shop_statue

Action                     || total
---------------------------++-------
  Melee: Unarmed           ||     7
         Short sword       ||     1
   Cast: Summon Small Mamm ||     4
    Use: Potion            ||     1
   Stab: Distracted        ||     1
 Armour: Robe              ||    10
  Dodge: Dodged            ||     8
